 Dungeon Crawl Stone Soup version 0.31.0-1-g2c135a008e (webtiles) character file.

Game seed: 5826017393743985205

261 qw the Shooter (level 6, -2/46 HPs)
             Began as a Djinni Hunter on Jan 23, 2024.
             Frozen to death by an endoplasm (6 damage)
             ... on level 2 of the Dungeon.
             The game lasted 00:00:07 (1703 turns).

qw the Shooter (Djinni Hunter)                      Turns: 1703, Time: 00:00:07

Health: -2/46      AC:  6    Str: 10    XL:     6   Next: 41%
Gold:   39         EV: 11    Int: 11    God:
                   SH:  0    Dex: 18

rFire   + + .        a - +1 shortbow
rCold   x . .        (shield currently unavailable)
rNeg    . . .        i - +0 ring mail
rPois   inf          (no helmet)
rElec   .            (no cloak)
rCorr   .            h - +0 pair of gloves
SInv    .            (boots unavailable)
Will    .....        (no amulet)
Stlth   +            (no ring)
HPRegen 0.27/turn    (no ring)
MPRegen 0.00/turn

%: infuse magic (-3 HP)
@: flying
A: sickness immunity, fire resistance 2, cold vulnerability 1, float, innate
caster, HP casting, extra vitality 1
a: no special abilities


You were on level 2 of the Dungeon.
You visited 1 branch of the dungeon, and saw 3 of its levels.

You collected 39 gold pieces.


Innate Abilities, Weirdness & Mutations

You are immune to sickness and miasma.
You are immune to poison.
Your flesh is very heat resistant. (rF++)
You are vulnerable to cold. (rC-)
You float through the air rather than walking.
You learn spells naturally, not from books.
Your magical power is your life essence.
You have superior vitality. (+4 MHP)


   Skills:
 + Level 3.2 Fighting
 - Level 5.1 Ranged Weapons
 - Level 1.2 Armour
 - Level 3.1 Dodging
 - Level 0.7 Stealth


You knew the following spells:

 Your Spells              Type           Power      Damage    Failure   Level
a - Kiss of Death         Conj/Necr      0%         2d5       65%         1
b - Momentum Strike       Conj/Tloc      0%         3d8       80%         2
Your spell library was empty.

Inventory:

Hand Weapons
 a - a +1 shortbow (weapon)
Armour
 h - a +0 pair of gloves (worn)
 i - a +0 ring mail (worn)
Potions
 e - a potion of curing
 f - 2 potions of might

Dungeon Overview and Level Annotations

Branches:
Dungeon (3/15)

Altars:
Dithmenos

Annotations:
D:3 Robin


Message History

The goblin hits you but does no damage. The goblin barely misses you.
The endoplasm closely misses you. The quokka bites you.
You shoot an arrow. The arrow hits the goblin!
You kill the goblin!
The quokka barely misses you. The goblin hits you but does no damage.
The endoplasm freezes you.
You are frozen.
You feel a terrible chill! The quokka closely misses you.
The goblin misses you.
The endoplasm hits you but does no damage.
You shoot an arrow. The arrow closely misses the goblin.
The quokka bites you but does no damage.
The goblin barely misses you. The endoplasm barely misses you.
The quokka misses you.
You shoot an arrow. The arrow hits the goblin!
You kill the goblin!
The endoplasm freezes you.
You are frozen.
The quokka closely misses you.
You shoot an arrow. The arrow misses the quokka.
The quokka bites you but does no damage.
The endoplasm freezes you.
You are frozen.
You feel a terrible chill! The quokka bites you. The endoplasm hits you.
You shoot an arrow. The arrow closely misses the quokka.
The quokka bites you.
The endoplasm hits you but does no damage.
You shoot an arrow. The arrow closely misses the quokka.
The quokka bites you but does no damage.
The endoplasm barely misses you.
The quokka bites you but does no damage.
You shoot an arrow. The arrow hits the quokka.
The quokka is moderately wounded.
The endoplasm freezes you.
You are frozen!
You feel a terrible chill!
The quokka bites you but does no damage.
You shoot an arrow. The arrow hits the quokka.
The quokka is almost dead.
The quokka misses you. The endoplasm freezes you.
You are frozen.
You feel a terrible chill!
You die...

#.#####...##### #.#
#.##.>........# #.#
#.##.##...###.# #######.#
#####.##......###.#
#.......#
#.................#
#.####..#
####.....##..##>.###.#
##.## #..#
#....._..##..##..#
#.###...###..#
#.##.....##..##rJ#
#.<...#%.....#
#.##...........)@#
#.###...###.##
#.##..#..#..####)#
#.####.## #...
#.##.##.##...###)# #...##.#
####
#.##.......#....(###...##.#
#.##.##.##...###.......##.#
#.......##..## #.####..##.#
#.##........# #.# #.....#
## #.....###.### #.#
#.##### #. ......# #.# #.#
#.# #.


You could see an endoplasm and a quokka.

Vanquished Creatures
  An ogre (D:2)
  Terence (D:2)
  4 gnolls (D:2)
  6 adders (D:2)
  3 dart slugs
  2 orcs (D:2)
  3 bats (D:1)
  2 endoplasms (D:1)
  2 giant cockroaches (D:2)
  13 goblins
  5 hobgoblins
  A quokka (D:3)
  A ball python (D:1)
  3 frilled lizards
  A kobold (D:2)
  6 rats
54 creatures vanquished.

Notes
Turn   | Place    | Note
-------+----------+-------------------------------------------
     0 | D:1      | qw the Djinni Hunter began the quest for the Orb.
     0 | D:1      | Reached XP level 1. HP: 18/18 MP: 0/0
     0 | D:1      | 0 ||| qw: Version: 0.3-a-136-gdd3b4e8
     0 | D:1      | 0 ||| qw: Game counter: 1014
     0 | D:1      | 0 ||| qw: Melee chars always use a shield: true
     0 | D:1      | 0 ||| qw: God list: Okawaru
     0 | D:1      | 0 ||| qw: Allow faded altars: false
     0 | D:1      | 0 ||| qw: Do Orc after clearing Dungeon:15 true
     0 | D:1      | 0 ||| qw: Do second Lair branch before Depths: true
     0 | D:1      | 0 ||| qw: Lair rune preference: random
     0 | D:1      | 0 ||| qw: Goals: Normal
     0 | D:1      | 0 ||| PLANNING D:1-11
    58 | D:1      | Reached XP level 2. HP: 18/23 MP: 0/0
   533 | D:1      | Reached skill level 4 in Ranged Weapons
   533 | D:1      | Reached XP level 3. HP: 28/28 MP: 0/0
   533 | D:1      | Learned a level 1 spell: Kiss of Death
   676 | D:1      | 676 ||| READING scroll labelled LUF REGONAIW.
   676 | D:1      | 676 ||| ENCHANTING +0 shortbow.
   677 | D:1      | 677 ||| DRINKING 2 yellow potions.
   699 | D:1      | 699 ||| DROPPING scroll of butterflies.
   700 | D:1      | 700 ||| DROPPING potion of lignification.
   869 | D:2      | Reached skill level 3 in Fighting
   869 | D:2      | Reached XP level 4. HP: 35/35 MP: 0/0
   932 | D:2      | Reached skill level 3 in Dodging
  1028 | D:2      | Found a shadowy altar of Dithmenos.
  1037 | D:2      | Reached XP level 5. HP: 37/40 MP: 0/0
  1037 | D:2      | Learned a level 2 spell: Momentum Strike
  1438 | D:2      | 1438 ||| UPGRADING to +0 pair of gloves.
  1443 | D:2      | 1443 ||| UPGRADING to +0 ring mail.
  1453 | D:2      | 1453 ||| DROPPING +0 leather armour.
  1454 | D:2      | 1454 ||| READING scroll labelled KOYBEA GUWOI.
  1454 | D:2      | 1454 ||| IDENTIFYING fizzy purple potion
  1455 | D:2      | 1455 ||| READING scroll labelled EGHUELUNGY.
  1458 | D:2      | 1458 ||| DRINKING 3 fizzy ruby potions.
  1459 | D:2      | 1459 ||| DRINKING 3 glowing white potions.
  1460 | D:2      | 1460 ||| DROPPING 2 potions of attraction.
  1498 | D:3      | Noticed Terence
  1501 | D:3      | Noticed an ogre
  1503 | D:3      | 1503 ||| STAIRDANCE
  1509 | D:2      | Killed Terence
  1510 | D:2      | Reached skill level 1 in Armour
  1531 | D:3      | 1531 ||| STAIRDANCE
  1564 | D:3      | Noticed Robin
  1565 | D:3      | 1565 ||| STAIRDANCE
  1572 | D:2      | Killed an ogre
  1573 | D:2      | Reached skill level 5 in Ranged Weapons
  1573 | D:2      | Reached XP level 6. HP: 32/46 MP: 0/0
  1627 | D:3      | 1627 ||| STAIRDANCE
  1636 | D:3      | 1636 ||| STAIRDANCE
  1646 | D:3      | 1646 ||| STAIRDANCE
  1692 | D:3      | 1692 ||| STAIRDANCE
  1700 | D:2      | HP: 10/46 [quokka (2)]
  1702 | D:2      | HP: 4/46 [frozen (7)]
  1703 | D:2      | Frozen to death by an endoplasm

Levels and vault maps discovered:
D:1:      minmay_arrival_doors, layout_loops_cross
D:2:      layout_loops_ring, basic_altar
D:3:      layout_rooms, tgw_kikubaaqudgha, nicolae_ashenzari_skybound,
          minmay_goblin_kobold_house, uniq_jessica, uniq_terence, uniq_robin

Skill      XL: |  1  2  3  4  5 |
---------------+----------------+-----
Ranged Weapons | 4 5 |  5.1
Fighting       | 3 |  3.2
Dodging        | 3 |  3.1
Armour         | 1 |  1.2
Stealth        | |  0.7

Action                     |  1- 3 |  4- 6 || total
---------------------------+-------+-------++-------
   Fire: Shortbow          |    76 |   102 ||   178
    Use: Scroll            |     1 |     2 ||     3
         Potion            |     1 |     2 ||     3
 Armour: Leather armour    |    15 |    15 ||    30
         Ring mail         |       |    71 ||    71
  Dodge: Dodged            |    17 |    98 ||   115

Table legend:
 A = Non-vault XP
 B = Vault XP
 C = Vault XP percentage of total XP
 D = Non-vault monster count
 E = Vault monster count
 F = Vault count percentage of total count
                 A         B        C        D         E       F
            +---------+---------+-------+---------+---------+-------
      Total |     317 |      56 |  15.0 |      43 |      11 |  20.4
            +---------+---------+-------+---------+---------+-------
        D:1 |      30 |       0 |   0.0 |      18 |       0 |   0.0
        D:2 |     285 |      56 |  16.4 |      24 |      11 |  31.4
        D:3 |       2 |       0 |   0.0 |       1 |       0 |   0.0
            +---------+---------+-------+---------+---------+-------
